 Dungeon Crawl Stone Soup version 0.30-a0-1161-g0704695555 (webtiles) character file.

Game seed: 8626973515565806748

56 kae the Changer (level 3, -1/26 HPs)
             Began as a Merfolk Transmuter on Apr 27, 2023.
             Slain by a gnoll
             ... wielding a +0 halberd
              (12 damage)
             ... on level 2 of the Dungeon.
             The game lasted 00:01:31 (1419 turns).

kae the Changer (Merfolk Transmuter)                Turns: 1419, Time: 00:01:31

Health: -1/26      AC:  3    Str: 10    XL:     3   Next: 97%
Magic:  1/7        EV: 12    Int: 14    God:
Gold:   94         SH:  0    Dex: 14    Spells: 1/7 levels left

rFire   . .          .
                       - Unarmed
rCold   . . .        (no shield)
rNeg    . . .        a - +0 robe
rPois   .            (no helmet)
rElec   .            (no cloak)
rCorr   .            (no gloves)
SInv    .            c - +0 pair of boots
Will    .....        (no amulet)
Stlth   +            (no ring)
HPRegen 0.24/turn    (no ring)
MPRegen 0.10/turn

%: no passive effects
@: weak-willed, hasted, very quick
A: (nimble swimmer 2), mertail
a: no special abilities


You were on level 2 of the Dungeon.
You visited 1 branch of the dungeon, and saw 2 of its levels.

You collected 94 gold pieces.


Innate Abilities, Weirdness & Mutations

((You are very nimble when in or above water. (Stealth+, EV+, Speed+++)))
Your lower body shifts to a powerful aquatic tail in water.


   Skills:
 - Level 1.1 Fighting
 - Level 2.6 Dodging
 - Level 3.2 Unarmed Combat
 + Level 2.7 Spellcasting
 + Level 3.8 Transmutations
 - Level 2.0 Poison Magic


You had one spell level left.
You knew the following spells:

 Your Spells              Type           Power      Damage    Failure   Level
a - Beastly Appendage     Tmut           24%        N/A       4%          1
b - Wereblood             Tmut           12%        N/A       7%          2
c - Spider Form           Tmut/Pois      10%        N/A       21%         3

Your spell library contained the following spells:

 Spells                   Type           Power      Damage    Failure   Level
 Ice Form                 Ice/Tmut       7%         N/A       69%         4

Inventory:

Missiles
 d - 3 poisoned darts
 h - 8 stones
Armour
 a - a +0 robe (worn)
 c - a +0 pair of boots (worn)
   (You found it on level 1 of the Dungeon)
 j - the +5 kite shield "Amnus" {Dex+5}
   (You found it on level 2 of the Dungeon)

   Dex:       It affects your dexterity (+5).
Scrolls
 f - a scroll of blinking {!r}
Potions
 b - a potion of lignification {!q}
 e - a potion of heal wounds {unknown}
 g - 2 potions of haste {@q3}

Dungeon Overview and Level Annotations

Branches:
Dungeon (2/15) Zot: 10586

Altars:
Okawaru

#.....####.## ####
...........######..#
................#..##
................##..#
................##..###
................##)...#
................##g...#
...###............gg..#
....##..........@.....##
..#.............###....##
..###............##.....#
......##..........##.##.#########
......##.......... #......##.....
....................##.##..#.....
.................##. #.###.#.....
.................##. #.# #.....#
....................##..###..###


You could see 3 gnolls.


Message History

Your +0 pair of boots unmelds from your body.
A hobgoblin comes into view.
The hobgoblin shouts! 😕 HP[+6]
You regained 6 hp, and now have 22/26 hp.
A hobgoblin is nearby!
A hobgoblin is nearby!
A hobgoblin is nearby!
Casting: Beastly Appendage (safe; 4% risk of failure)
Confirm with . or Enter, or press ? or * to list all spells.
You grow a pair of large bovine horns.
Your +0 pair of boots melds into your body. 😕 HP[+1] MP[-1]
You lost 1 mp, and now have 5/6 mp.
You closely miss the hobgoblin. You headbutt the hobgoblin.
The hobgoblin misses you.
You hit the hobgoblin.
You kill the hobgoblin! 😕 HP[+1] No target in view!
No target in view!
No target in view!
No target in view!
Your transformation is almost over.
Your horns disappear.
Your +0 pair of boots unmelds from your body.
h - 8 stones (gained 4)
Found a stone staircase leading up. 😎 HP[+2] MP[+1]
Your hp is fully restored (26).
Your mp is fully restored (6).
You see here a +0 sling.
You now have 94 gold pieces (gained 14).
Found an escape hatch in the floor.
You see here a +0 long sword.
You see here the +5 kite shield "Amnus" {Dex+5}.
A gnoll comes into view. It is wielding a +0 flail.
The gnoll shouts!
A gnoll comes into view. It is wielding a +0 halberd.
There are monsters nearby!
A giant cockroach comes into view.
You see here the +5 kite shield "Amnus" {Dex+5}.
j - the +5 kite shield "Amnus" {Dex+5}
Casting: Beastly Appendage (safe; 4% risk of failure)
Confirm with . or Enter, or press ? or * to list all spells.
The spell is extremely dangerous to miscast (22% risk of failure)!
Continue anyway? [Y]es or [N]o only, please.
The spell is extremely dangerous to miscast (22% risk of failure)!
Continue anyway?
You miscast Spider Form.
You are very lightly contaminated with residual magic.
Nothing appears to happen. 😎 MP[-3]
You lost 3 mp, and now have 3/6 mp.
Casting: Spider Form (extremely dangerous; 22% risk of failure)
Confirm with . or Enter, or press ? or * to list all spells.
The spell is extremely dangerous to miscast (22% risk of failure)!
Continue anyway? [Y]es or [N]o only, please.
The spell is extremely dangerous to miscast (22% risk of failure)!
Continue anyway?
You turn into a venomous arachnid creature.
Your +0 pair of boots melds into your body.
Your +0 robe melds into your body.
A gnoll comes into view. It is wielding a +0 spear. 😎 MP[-3]
You lost 3 mp, and now have 0/6 mp.
Your transformation is almost over.
A gnoll comes into view. It is wielding a +0 flail.
The gnoll shouts! x2
You hit the gnoll. The gnoll barely misses you.
You hit the gnoll. The gnoll misses you.
You hit the gnoll.
The gnoll is poisoned.
The gnoll completely misses you.
Unknown command.
The gnoll shouts!
You hit the gnoll.
The gnoll looks as sick as possible!
You barely miss the gnoll.
You kill the gnoll!
Training target 2.0 for Poison Magic reached!
Your Poison Magic skill increases to level 2!
Unknown command.
Okay, then.
As you read the scroll labelled UBUBBA YHALAH, it crumbles to dust.
Magic quickly surges around you.
It was a scroll of vulnerability.
The gnoll misses you.
Unknown command.
It was a potion of haste.
You feel yourself speed up. The gnoll misses you.
Your magical contamination has completely faded away.
The gnoll hits you from afar with a +0 spear.
The gnoll closely misses you.
You see here a +0 flail. 😕 HP[-4] MP[+1]
You take 4 damage, and now have 22/26 hp.
The gnoll completely misses you. The gnoll hits you with a +0 flail!
* * * LOW HITPOINT WARNING * * *
The gnoll misses you. 😨 HP[-11]
You take 11 damage, and now have 11/26 hp.
MASSIVE DAMAGE!! (PAUSE)
Your transformation has ended.
Your +0 pair of boots unmelds from your body.
Your +0 robe unmelds from your body.
The gnoll hits you from afar with a +0 halberd!
You die...

Skill      XL: |  1  2  3 |
---------------+----------+-----
Transmutations | 3 |  3.8
Poison Magic   | 1 2 |  2.0
Fighting       | |  1.1
Dodging        | |  2.6
Unarmed Combat | |  3.2
Spellcasting   | |  2.7

Action                     || total
---------------------------++-------
  Melee: Unarmed           ||   101
         Headbutt          ||    14
   Cast: Beastly Appendage ||    19
         Spider Form       ||     3
    Use: Scroll            ||     3
         Potion            ||     1
 Armour: Robe              ||    23
         Skin              ||     1
  Dodge: Dodged            ||    62

Levels and vault maps discovered:
D:1:      shiori_arrival_maze, layout_basic, minmay_ruptured
D:2:      layout_rooms, basic_altar, nrook_loot_triangle

Notes
Turn   | Place    | Note
-------+----------+-------------------------------------------
     0 | D:1      | kae the Merfolk Transmuter began the quest for the Orb.
     0 | D:1      | Reached XP level 1. HP: 15/15 MP: 3/3
     0 | D:1      | magus.rc [v1.11.3]
    98 | D:1      | Reached skill level 3 in Transmutations
   122 | D:1      | Reached XP level 2. HP: 17/21 MP: 3/5
   127 | D:1      | Reached skill level 1 in Poison Magic
   478 | D:1      | Reached XP level 3. HP: 26/26 MP: 4/6
   481 | D:1      | Learned a level 2 spell: Wereblood
   485 | D:1      | Learned a level 3 spell: Spider Form
  1166 | D:2      | Found an iron altar of Okawaru.
  1369 | D:2      | Identified the +5 kite shield "Amnus" {Dex+5}
  1414 | D:2      | Reached skill level 2 in Poison Magic
  1419 | D:2      | Slain by a gnoll

Vanquished Creatures
  An adder (D:2)
  A gnoll (D:2)
  A worm (D:1)
  2 dart slugs (D:1)
  6 endoplasms
  2 giant cockroaches (D:1)
  A goblin (D:2)
  4 hobgoblins
  3 kobolds
  A ball python (D:1)
  4 bats
  A frilled lizard (D:1)
  3 rats
30 creatures vanquished.

Table legend:
 A = Non-vault XP
 B = Vault XP
 C = Vault XP percentage of total XP
 D = Non-vault monster count
 E = Vault monster count
 F = Vault count percentage of total count
                 A         B        C        D         E       F
            +---------+---------+-------+---------+---------+-------
      Total |      64 |      17 |  21.0 |      23 |       7 |  23.3
            +---------+---------+-------+---------+---------+-------
        D:1 |      25 |      17 |  40.5 |      13 |       7 |  35.0
        D:2 |      39 |       0 |   0.0 |      10 |       0 |   0.0
            +---------+---------+-------+---------+---------+-------

Skill      XL: |  1  2  3 |
---------------+----------+-----
Transmutations | 3 |  3.8
Poison Magic   | 1 2 |  2.0
Fighting       | |  1.1
Dodging        | |  2.6
Unarmed Combat | |  3.2
Spellcasting   | |  2.7

Action                     || total
---------------------------++-------
  Melee: Unarmed           ||   101
         Headbutt          ||    14
   Cast: Beastly Appendage ||    19
         Spider Form       ||     3
    Use: Scroll            ||     3
         Potion            ||     1
 Armour: Robe              ||    23
         Skin              ||     1
  Dodge: Dodged            ||    62

Illustrated notes

Table legend:
 A = Kills in this place as a percentage of kills in the entire game.
 B = Kills by you in this place as a percentage of kills by you in the entire game.
 C = Kills by friends in this place as a percentage of kills by friends in the entire game.
 D = Other kills in this place as a percentage of other kills in the entire game.
 E = Experience gained in this place as a percentage of experience gained in the entire game.
 F = Experience gained in this place divided by the number of levels of this place that you have seen.
                   A       B       C       D       E      F
               +-------+-------+-------+-------+-------+----------------------
         Total | 100.0 | 100.0 |   N/A |   N/A | 100.0 |  40.5
       Dungeon | 100.0 | 100.0 |   N/A |   N/A | 100.0 |  40.5
               +-------+-------+-------+-------+-------+----------------------

Table legend: (Time is in decaauts)
 A = Elapsed time spent in this place.
 B = Non-inter-level travel time spent in this place.
 C = Inter-level travel time spent in this place.
 D = Time resting spent in this place.
 E = Time spent auto-exploring this place.
 F = Levels seen in this place.
 G = Mean time per level.
                   A        B        C        D        E       F      G
               +--------+--------+--------+--------+--------+-----+--------+
         Total |   1413 |   1365 |     48 |     91 |    991 |   2 |  706.5 |
       Dungeon |   1413 |   1365 |     48 |     91 |    991 |   2 |  706.5 |
               +--------+--------+--------+--------+--------+-----+--------+

Top non-repeatable levels by time:
     D:1: 1129 daAuts
     D:2: 283 daAuts
